 Dungeon Crawl Stone Soup version 0.19.0-22-gd96e5fe (webtiles) character file.

265 equalderp2856 the Scratcher (level 5, 0/24 HPs)
             Began as a Felid Fighter on Nov 19, 2016.
             Slain by an orc (2 damage)
             ... on level 4 of the Dungeon.
             The game lasted 00:12:26 (4046 turns).

equalderp2856 the Scratcher (Felid Fighter)         Turns: 4046, Time: 00:12:27

Health: 0/24       AC:  1    Str: 13    XL:     5   Next: 99%
Magic:  6/6        EV: 20    Int:  9    God:
Gold:   134        SH:  0    Dex: 16    Spells: 0 memorised, 4 levels left
                                        Lives:  0   Deaths: 1

rFire  . . .     SeeInvis +       - Unarmed
rCold  . . .     Gourm    .     (armour unavailable)
rNeg   . . .     Faith    .     (shield unavailable)
rPois  .         Spirit   .     (helmet unavailable)
rElec  .         Reflect  .     (cloak unavailable)
rCorr  .         Harm     .     (gloves unavailable)
MR     .....                    (boots unavailable)
Stlth  +++++.....               (no amulet)
                                (no ring)
                                j - ring of stealth

@: quick
A: no armour, no weapons or thrown items, stealth, claws 1, fangs 3, see
invisible, carnivore 3, speed 1, shaggy fur 1, slow metabolism 1, sharp paws
a: no special abilities


You were on level 4 of the Dungeon.
You were full.

You visited 1 branch of the dungeon, and saw 5 of its levels.

You collected 134 gold pieces.

Inventory:

Missiles
 e - 98 arrows
 f - 25 poisoned needles
 h - 75 bolts
Jewellery
 j - a ring of stealth (left paw)
Wands
 x - a wand of lightning (8/15)
Scrolls
 d - 3 scrolls of remove curse {unknown}
 i - 6 scrolls of identify {unknown}
 m - 3 scrolls of teleportation {unknown}
 p - a scroll of enchant weapon {unknown}
 s - a scroll of fear {unknown}
 t - a scroll of fog {unknown}
 w - a scroll of noise {unknown}
Potions
 a - a potion of might
 c - a potion of lignification {unknown}
 k - a potion of berserk rage {unknown}
 l - a potion of magic {unknown}
 n - a potion of mutation {unknown}
 o - a potion of flight {unknown}
 r - a potion of haste
 u - a potion of curing {unknown}
 v - a potion of cancellation {unknown}
Comestibles
 b - 3 meat rations
 g - a beef jerky
 q - a bread ration


   Skills:
 + Level 3.3 Fighting
 + Level 5.0 Dodging
 + Level 5.5 Stealth
 + Level 5.9 Unarmed Combat


You had 4 spell levels left.
You didn't know any spells.

Dungeon Overview and Level Annotations

Branches:
Dungeon (5/15)
 Temple: D:4-7

Altars:
Yredelemnul


Innate Abilities, Weirdness & Mutations

You cannot wear armour.
You are incapable of wielding weapons or throwing items.
Your paws allow you to move quietly. (Stealth)
You have sharp claws.
You have razor-sharp teeth.
You have supernaturally acute eyesight. (SInv)
You are carnivorous and can eat meat at any time.
You cover ground quickly.
You are covered in fur. (AC +1)
You have a slow metabolism.
Your sharp claws are effective at attacking unaware monsters.


Message History

The orc hits you with a hand axe.
You scratch the orc but do no damage. You scratch the orc but do no damage.
The orc closely misses you. The orc hits you.
You scratch the orc. You bite the orc.
The orc is heavily wounded.
The orc completely misses you. x2
You closely miss the orc.
The orc is heavily wounded.
The orc hits you with a hand axe.
* * * LOW HITPOINT WARNING * * *
The orc hits you.
* * * LOW HITPOINT WARNING * * *
You barely miss the orc.
The orc is heavily wounded.
The orc misses you. The orc barely misses you.
You scratch the orc.
You kill the orc!
The orc hits you.
You die...

..............# ####...(...
............. ## #.(........
...........# ..######..###......
#.........####........###.......
#...........#...##......#...##
#...............##..##........
##.................##....#.##.
###.........o........##......
#.........@)...............
#..........).............#.
###<.......................
##...................####
#............###.......#
#...[........###.#......
##......[......(.....##..
###.....................##.
#[............#######.#...#


You could see an orc.

Vanquished Creatures
  A howler monkey (D:5)
  An orc priest (D:4)
  2 orc wizards (D:4)
  Jessica (D:2)
  3 worker ants (D:4)
  A hound skeleton (D:4)
  3 adders
  An adder skeleton (D:4)
  2 worms
  3 dart slugs (D:1)
  4 leopard geckos
  5 orcs
  A ball python (D:1)
  3 giant cockroaches
  6 goblins
  8 hobgoblins
  3 quokkas
  5 bats
  5 frilled lizards
  A jackal skeleton (D:3)
  9 kobolds
  5 rats
73 creatures vanquished.

Notes
Turn   | Place    | Note
-------+----------+-------------------------------------------
     0 | D:1      | equalderp2856 the Felid Fighter began the quest for the Orb.
     0 | D:1      | Reached XP level 1. HP: 10/10 MP: 2/2
   307 | D:1      | Reached XP level 2. HP: 14/14 MP: 3/3
   566 | D:1      | Reached skill level 1 in Stealth
  1021 | D:2      | Reached XP level 3. HP: 17/17 MP: 4/4
  1674 | D:2      | Noticed Jessica
  2248 | D:2      | Killed Jessica
  2248 | D:2      | Reached XP level 4. HP: 21/21 MP: 5/5
  2395 | D:3      | Reached skill level 5 in Unarmed Combat
  3206 | D:4      | Reached XP level 5. HP: 10/24 MP: 6/6
  3211 | D:4      | Slain by an orc
  3212 | D:4      | Reached XP level 4. HP: 0/21 MP: 5/5
  3578 | D:4      | Noticed a sky beast
  3606 | D:5      | Entered Level 5 of the Dungeon
  3611 | D:5      | Reached XP level 5. HP: 18/24 MP: 6/6
  3629 | D:5      | Found a basalt altar of Yredelemnul.
  3629 | D:5      | Noticed a phantom
  3639 | D:4      | Reached skill level 5 in Stealth
  4040 | D:4      | Reached skill level 5 in Dodging
  4046 | D:4      | Slain by an orc

Skill      XL: |  1  2  3  4  5 |
---------------+----------------+-----
Stealth        | 1 2 4 5 |  5.5
Unarmed Combat | 5 |  5.9
Dodging        | 5 |  5.0
Fighting       | |  3.3

Action                   |  1- 3 |  4- 6 || total
-------------------------+-------+-------++-------
Melee: Unarmed           |   100 |    89 ||   189
       Bite              |    12 |    14 ||    26
       Punch             |     2 |     4 ||     6
  Use: Potion            |       |     1 ||     1
 Stab: Sleeping          |    12 |     7 ||    19
       Distracted        |       |     1 ||     1
  Eat: Chunk             |     4 |     6 ||    10
Armor: Skin              |     7 |       ||     7
Dodge: Dodged            |    58 |    67 ||   125
